[Event "*** Titled Tuesday Blitz"]
[Site "Chess.com"]
[Date "2020.04.14"]
[Round "3"]
[White "Izoria123"]
[Black "StoreySniper"]
[Result "1-0"]
[WhiteElo "2784"]
[BlackElo "2535"]
[TimeControl "180+1"]
[EndTime "10:27:44 PDT"]
[Termination "Izoria123 won by resignation"]

1. Nf3 g6 2. e4 Bg7 3. d4 c5 4. d5 d6 5. c4 Nf6 6. Nc3 O-O 7. h3 Na6 8. Bd3 Nc7 9. Bg5 a6 10.
a4 h6 11. Be3 e5 12. g4 a5 13. Nd2 Na6 14. Rc1 Nb4 15. Bb1 Bd7 16. b3 Nh7 17. h4 Qc8 18. g5 h5 19. Rg1 Bg4 20. f3 Bd7 21. Ke2 Be8 22. Nb5 Qd7 23. f4 exf4 24. Bxf4 Qh3 25. Nf3 Bxb5 26. cxb5 f5 27. Rg3 Qg4 28.
Rxg4 fxg4 29. Bxd6 Rxf3 30. e5 Bxe5 31. Be4 Bxd6 32. Bxf3 gxf3+ 33. Kxf3 Rf8+ 34. Kg2 Rf5 35. Qe2 Nf8 36. Rf1 Nxd5 37. Rxf5 gxf5 38. Qc4 Ne6 39. Qxd5 1-0

[Event "*** Titled Tuesday Blitz"]
[Site "Chess.com"]
[Date "2020.04.14"]
[Round "3"]
[White "googlegoom"]
[Black "pirulillo"]
[Result "0-1"]
[WhiteElo "2497"]
[BlackElo "2188"]
[TimeControl "180+1"]
[EndTime "10:27:44 PDT"]
[Termination "pirulillo won by checkmate"]

1. Nf3 g6 2. d4 Bg7 3. b3 Nf6 4. Bb2 O-O 5. e3 d6 6. Be2 Nbd7 7. O-O e5 8. dxe5 Ng4 9. c4 Ndxe5 10. Nxe5 Nxe5 11.
Nc3 Nc6 12. Qd2 Be6 13. f4 Ne7 14. Bf3 Qc8 15. Nd5 Bxd5 16. cxd5 Bxb2 17. Qxb2 Re8 18.
e4 c6 19. dxc6 bxc6 20. Rfd1 d5 21. exd5 cxd5 22. Rac1 Qf5 23. Qd4 a5 24. Rc5 Reb8 25. g4 Qe6 26. h3 Rb4 27. Qe5 Qxe5 28. fxe5 a4 29. Rc7 Kf8 30. Bxd5 Nxd5 31. Rxd5 axb3 32. axb3 Ra1+ 33. Kg2 Ra2+ 34. Kg3 Rxb3+ 35. Kh4 h6 36. e6 g5+ 37. Rxg5 hxg5+ 38. Kxg5 Ra5+ 39. Kf6 Rf3# 0-1

[Event "*** Titled Tuesday Blitz"]
[Site "Chess.com"]
[Date "2020.04.14"]
[Round "3"]
[White "icychess54"]
[Black "Olga_Girya"]
[Result "0-1"]
[WhiteElo "2212"]
[BlackElo "2472"]
[TimeControl "180+1"]
[EndTime "10:27:44 PDT"]
[Termination "Olga_Girya won on time"]

1. c4 c6 2. Nf3 d5 3. e3 Nf6 4.
Nc3 e6 5. b3 Bd6 6. Bb2 O-O 7.
Be2 e5 8. O-O a6 9. a4 Nbd7 10. a5 e4 11. Nd4 Ne5 12. f4 exf3 13. Nxf3 Re8 14. Na4 dxc4 15. Nb6 Rb8 16. Nxc4 Nxc4 17.
Bxc4 Nd5 18. Qc2 Bg4 19. Nd4 Bh5 20. Nf5 Bg6 21. Bxg7 Bxf5 22. Qxf5 Kxg7 23. Bd3 Qh4 24. Qxf7+ Kh8 25. Rf3 Qxh2+ 26. Kf2 Rf8 27. Qd7 Bg3+ 28. Ke2 Qxg2+ 0-1

[Event "*** Titled Tuesday Blitz"]
[Site "Chess.com"]
[Date "2020.04.14"]
[Round "3"]
[White "RovenVogel"]
[Black "RojonR"]
[Result "1-0"]
[WhiteElo "2627"]
[BlackElo "2399"]
[TimeControl "180+1"]
[EndTime "10:27:45 PDT"]
[Termination "RovenVogel won on time"]

1. d4 Nf6 2. c4 e6 3. Nf3 Bb4+ 4.
Bd2 Qe7 5. g3 Bxd2+ 6. Qxd2 Nc6 7. Nc3 d5 8. cxd5 exd5 9. Bg2 O-O 10. O-O a6 11. Qf4 Na7 12. Rfd1 c6 13. Ne5 Nb5 14.
Na4 Nd6 15. Nc5 Bf5 16. g4 Bg6 17. h4 h6 18. Rac1 Nfe4 19. h5 Bh7 20. Nxe4 Bxe4 21. Bxe4 Nxe4 22. f3 Nd6 23. Kf2 Rfe8 24. Rc2 f6 25.
Ng6 Qe6 26. Nh4 Nc4 27. Rd3 Nd6 28. b3 Re7 29. Re3 Qxe3+ 30. Qxe3 Rxe3 31. Kxe3 Re8+ 32. Kf4 Kf7 33. e3 Re6 34. Rc5 Re7 35. a4 Re8 36.
Nf5 Nxf5 37. gxf5 Ke7 38. e4 Kd6 39. b4 1-0

[Event "*** Titled Tuesday Blitz"]
[Site "Chess.com"]
[Date "2020.04.14"]
[Round "3"]
[White "Alexander_Moskalenko"]
[Black "arctic_t00"]
[Result "1-0"]
[WhiteElo "2952"]
[BlackElo "2496"]
[TimeControl "180+1"]
[EndTime "10:27:47 PDT"]
[Termination "Alexander_Moskalenko won on time"]

1. e4 c5 2. Nf3 d6 3. d4 cxd4 4. Nxd4 Nf6 5. Nc3 a6 6. Bc4 e6 7.
Bb3 Nbd7 8. Bg5 Nc5 9. O-O Be7 10. Re1 O-O 11. Qd2 Qc7 12. Rad1 b5 13. f3 Bb7 14. a3 Rac8 15. Ba2 Rfe8 16. Be3 Red8 17. Qf2 d5 18. e5 Qxe5 19. Ndxb5 Qb8 20. Nd4 Ba8 21. Nb3 Nxb3 22. Bxb3 Nd7 23. Na4 Bf6 24. Bd4 e5 25. Ba7 Qb5 26. Nc3 Qb7 27. Nxd5 Bg5 28.
h4 Bh6 29. Ne7+ Kh8 30. Nxc8 Rxc8 31. Bd5 Qc7 32. Bxa8 Rxa8 33. Be3 Bxe3 34. Rxe3 Rb8 35. Rc3 Qb7 36. Rb3 Qc7 37. Rxd7 1-0

[Event "*** Titled Tuesday Blitz"]
[Site "Chess.com"]
[Date "2020.04.14"]
[Round "3"]
[White "Aryangholami"]
[Black "Stormeman100100"]
[Result "1-0"]
[WhiteElo "2737"]
[BlackElo "2452"]
[TimeControl "180+1"]
[EndTime "10:27:47 PDT"]
[Termination "Aryangholami won by checkmate"]

1. Nf3 d5 2. g3 Nf6 3. Bg2 g6 4. O-O Bg7 5. b3 c5 6. Bb2 Nc6 7. c4 d4 8. e3 O-O 9. exd4 cxd4 10. b4 Nxb4 11. Bxd4 Bg4 12. Bc3 Ne4 13. Bxg7 Kxg7 14. Qb3 Qd3 15. Ne5 Qxb3 16. axb3 Nf6 17. Nxg4 Nxg4 18.
Bxb7 Rab8 19. Rxa7 Rfd8 20. Bg2 e6 21. Rc1 Nxf2 22.
c5 Nbd3 23. Rc3 Nd1 24. Rc2 Rxb3 25. Na3 Nb4 26. Rc1 Nb2 27. c6 N2d3 28. Rf1 Rb2 29. Rfxf7+ Kh6 30. h4 Kh5 31. Bf3+ Kh6 32. Rxh7# 1-0

[Event "*** Titled Tuesday Blitz"]
[Site "Chess.com"]
[Date "2020.04.14"]
[Round "3"]
[White "NFChess13"]
[Black "ssrija97"]
[Result "1-0"]
[WhiteElo "2448"]
[BlackElo "2205"]
[TimeControl "180+1"]
[EndTime "10:27:47 PDT"]
[Termination "NFChess13 won by resignation"]

1. e4 e5 2. Nf3 Nc6 3. Bb5 a6 4. Ba4 g6 5. Bxc6 dxc6 6. Nc3 Bg7 7. d3 Ne7 8. O-O O-O 9. Be3 h6 10. Qd2 Kh7 11. Rfe1 f5 12. exf5 Nxf5 13. Ne4 Nd4 14. Nxd4 exd4 15. Bf4 Bf5 16. Re2 Qd7 17. Rae1 b6 18.
h3 Rae8 19. Bg3 Qf7 20. b3 Bxe4 21. Rxe4 Rxe4 22. Rxe4 g5 23. Qe2 Bf6 24. Re6 h5 25. Qe4+ Qg6 26. Qxc6 Rf7 27. Be5 Qf5 28. Rxf6 Rxf6 29.
Qxf6 Qxf6 30. Bxf6 c5 31. Bxg5 Kg6 32. Bd8 b5 33.
Bb6 c4 34. bxc4 bxc4 35. dxc4 1-0

[Event "*** Titled Tuesday Blitz"]
[Site "Chess.com"]
[Date "2020.04.14"]
[Round "3"]
[White "SlavenPastar"]
[Black "Perecke"]
[Result "1-0"]
[WhiteElo "2418"]
[BlackElo "2196"]
[TimeControl "180+1"]
[EndTime "10:27:47 PDT"]
[Termination "SlavenPastar won by checkmate"]

1. d4 d5 2. c4 e6 3. Nc3 Nf6 4. cxd5 exd5 5. Bg5 Be7 6. e3 O-O 7. Qc2 Re8 8. Bd3 h6 9. Bh4 c5 10. Nf3 Nc6 11. O-O c4 12. Bf5 Nh5 13. Bxe7 Nxe7 14. Bxc8 Rxc8 15. Ne5 Nc6 16. Nxc6 Rxc6 17. Qf5 Nf6 18.
Rfc1 g6 19. Qh3 Kg7 20. Qf3 Ne4 21. Nxe4 Rxe4 22. b3 b5 23. bxc4 bxc4 24. Rc3 Qa5 25. Rc2 c3 26. Rac1 Re7 27. h4 Rb7 28. h5 Rb2 29.
hxg6 fxg6 30. Qg4 Rc7 31. Qe6 Rxc2 32. Rxc2 h5 33. Qe5+ Kh7 34. g4 hxg4 35. Kg2 Rb7 36. Rc1 Qb4 37. Rh1+ Kg8 38. Rh8+ Kf7 39. Qxd5+ Kf6 40.
Qe5+ Kf7 41. Rh7+ Kf8 42. Qh8# 1-0

[Event "*** Titled Tuesday Blitz"]
[Site "Chess.com"]
[Date "2020.04.14"]
[Round "3"]
[White "Zmof"]
[Black "FearNoEvil12"]
[Result "1-0"]
[WhiteElo "2299"]
[BlackElo "2046"]
[TimeControl "180+1"]
[EndTime "10:27:47 PDT"]
[Termination "Zmof won by resignation"]

1. e4 a6 2. Nf3 b5 3. d4 Bb7 4. Bd3 e6 5. O-O Nf6 6. Re1 d6 7. c3 Nbd7 8. Bd2 h6 9. a4 bxa4 10. Qxa4 g5 11. Be3 g4 12. Nfd2 h5 13. Bg5 Be7 14. e5 Nd5 15. Bxe7 Qxe7 16. Ne4 Nf4 17. Bf1 Kf8 18. exd6 cxd6 19. Qb4 Bxe4 20. Rxe4 Nd5 21. Qb7 Rb8 22. Qxa6 Rxb2 23. c4 N5f6 24. Re2 Rb8 25. Nc3 Kg7 26. Qa2 Rhg8 27. Qd2 Kh7 28. Ne4 Nxe4 29. Rxe4 Qf6 30. Bd3 Kg7 31. Ree1 Kf8 32. Qe3 Ke7 33. Ra7 Rgc8 34. Rea1 Ke8 35. g3 Rb2 36. R1a2 Rcb8 37. Rxb2 Rxb2 38. Kg2 h4 39. gxh4 Qxh4 40. Qg3 Qg5 41. Qxd6 1-0

[Event "*** Titled Tuesday Blitz"]
[Site "Chess.com"]
[Date "2020.04.14"]
[Round "3"]
[White "IAgrest"]
[Black "florianschwabeneder"]
[Result "0-1"]
[WhiteElo "2236"]
[BlackElo "2528"]
[TimeControl "180+1"]
[EndTime "10:27:48 PDT"]
[Termination "florianschwabeneder won by resignation"]

1. e4 d5 2. exd5 Qxd5 3. Nc3 Qd6 4. Nf3 Nf6 5. d4 c6 6. Bc4 g6 7. O-O Bg7 8. Re1 O-O 9. h3 Nbd7 10. Bg5 Nb6 11.
Bb3 a5 12. a4 e6 13. Qe2 Nbd5 14. Ne4 Nxe4 15. Qxe4 b6 16. Rad1 Bb7 17. c4 Nb4 18.
Qh4 Rfe8 19. Bf4 Qd7 20. Ng5 h6 21. Ne4 g5 22. Bxg5 hxg5 23. Nxg5 Qd8 24. Re3 Qf6 25. Rf3 Qh6 26. Qxh6 Bxh6 27. Nxf7 Bf8 28. Ne5 Bg7 29. Re1 Rad8 30. Rf4 c5 31. d5 exd5 32. cxd5 Rxe5 33. d6+ Bd5 34. Rxe5 Bxe5 35. Bxd5+ Nxd5 36. Rf5 Bxd6 0-1

[Event "*** Titled Tuesday Blitz"]
[Site "Chess.com"]
[Date "2020.04.14"]
[Round "3"]
[White "FrogMist"]
[Black "garfield_pg"]
[Result "1-0"]
[WhiteElo "2480"]
[BlackElo "2193"]
[TimeControl "180+1"]
[EndTime "10:27:48 PDT"]
[Termination "FrogMist won by resignation"]

1. e4 d5 2. exd5 Nf6 3. Nf3 Qxd5 4. Be2 Bg4 5. O-O Nc6 6. h3 Qh5 7. d4 O-O-O 8. Nbd2 e5 9. Re1 exd4 10. hxg4 Nxg4 11. Nf1 Bd6 12. g3 f5 13. Qd3 h6 14. N1h2 Rhe8 15. Nxg4 fxg4 16. Nh4 g5 17. Qg6 Qxg6 18. Nxg6 Kb8 19.
Bd2 Rg8 20. Bd3 Bb4 21. Re2 Bxd2 22. Rxd2 Nb4 23. Ne5 h5 24. a3 Rde8 25. Re1 Nc6 26. Rde2 Nd8 1-0

[Event "*** Titled Tuesday Blitz"]
[Site "Chess.com"]
[Date "2020.04.14"]
[Round "3"]
[White "MergenKakabaev"]
[Black "WhiteKnight2612"]
[Result "1-0"]
[WhiteElo "2456"]
[BlackElo "2694"]
[TimeControl "180+1"]
[EndTime "10:27:49 PDT"]
[Termination "MergenKakabaev won by resignation"]

1. e4 e5 2. Nf3 Nc6 3. Bb5 a6 4.
Ba4 Nf6 5. O-O Be7 6. Re1 b5 7. Bb3 d6 8. c3 Na5 9. Bc2 c5 10. h3 O-O 11. d4 Qc7 12. Nbd2 Re8 13. d5 c4 14. Nf1 Bf8 15. Ng3 g6 16. Bd2 Bg7 17.
b4 Nb7 18. a4 Bd7 19. Nh2 a5 20. axb5 axb4 21. cxb4 Bxb5 22. Bc3 Nd7 23. h4 Nb6 24. Qf3 Qe7 25. h5 Na4 26. Bxa4 Bxa4 27. Ng4 Bd7 28. Ne3 Bb5 29. Ng4 Qh4 30. Rxa8 Rxa8 31. Ra1 Rxa1+ 32. Bxa1 Nd8 33. Bc3 Qg5 34. Ne3 f6 35. Bd2 Qh4 36. Nef5 gxf5 37. Nxf5 c3 38. Bc1 Bh6 39.
Bxh6 c2 40. Nxh4 c1=Q+ 1-0

[Event "*** Titled Tuesday Blitz"]
[Site "Chess.com"]
[Date "2020.04.14"]
[Round "3"]
[White "LimeInTheCoconut"]
[Black "hongnhung1234"]
[Result "1-0"]
[WhiteElo "2340"]
[BlackElo "2136"]
[TimeControl "180+1"]
[EndTime "10:27:49 PDT"]
[Termination "LimeInTheCoconut won on time"]

1. Nf3 f5 2. d4 Nf6 3. Nc3 g6 4. Bg5 Ne4 5. h4 h6 6. Bf4 Bg7 7.
e3 d6 8. Bd3 Nxc3 9. bxc3 c5 10. g4 c4 11. Bxc4 fxg4 12. Nd2 e5 13. Bg3 Nc6 14. h5 d5 15. Be2 Qg5 16. hxg6 Qxg6 17.
c4 exd4 18. cxd5 Nb4 19. e4 d3 20. Bxd3 Nxd3+ 21. cxd3 Bd7 22. Rc1 O-O 23. O-O 1-0

[Event "*** Titled Tuesday Blitz"]
[Site "Chess.com"]
[Date "2020.04.14"]
[Round "3"]
[White "Colombiano07"]
[Black "AlessiaSanteramo"]
[Result "1-0"]
[WhiteElo "2302"]
[BlackElo "2048"]
[TimeControl "180+1"]
[EndTime "10:27:49 PDT"]
[Termination "Colombiano07 won on time"]

1. c4 e5 2. Nc3 Nc6 3. Nf3 Bc5 4. Nxe5 Bxf2+ 5. Kxf2 Nxe5 6. e4 Nf6 7. d4 Neg4+ 8. Kg1 d6 9. h3 Nh6 10. Bg5 Be6 11.
Qf3 Nhg8 12. e5 dxe5 13. dxe5 Qd4+ 14. Qe3 Qxe3+ 15. Bxe3 Nd7 16. Bf4 Ne7 17. Be2 Ng6 18. Bh2 Ngxe5 19. Re1 O-O 20. b3 c6 21. Bg3 Ng6 22. Kh2 f5 23. Rhf1 Rae8 24. Bd6 Rf7 25. Bh5 Nf6 26. Bf3 Bd7 27. Na4 Rxe1 28. Rxe1 Ne8 29. Ba3 Nc7 30. Nc5 Bc8 31. Bb2 Ne7 32.
Rd1 g6 33. Rd8+ Rf8 34. Rd6 Re8 35. Nd7 Bxd7 36. Rxd7 Ne6 37. Rxb7 Ng5 38. Bd1 Nc8 39. h4 Ne6 40. Bf3 c5 41. Bd5 Kf8 42. Rxh7 1-0

[Event "*** Titled Tuesday Blitz"]
[Site "Chess.com"]
[Date "2020.04.14"]
[Round "3"]
[White "The_Machine04"]
[Black "Chesswizard_2007"]
[Result "0-1"]
[WhiteElo "2377"]
[BlackElo "2606"]
[TimeControl "180+1"]
[EndTime "10:27:50 PDT"]
[Termination "Chesswizard_2007 won by checkmate"]

1. d4 Nf6 2. Bg5 d5 3. e3 Ne4 4. Bf4 h5 5. Bd3 g5 6. Be5 f6 7.
f3 fxe5 8. fxe4 exd4 9. exd4 Nc6 10. c3 Bg4 11. Nf3 dxe4 12. Bxe4 Qd6 13. Qa4 Bd7 14.
Qc2 O-O-O 15. Nbd2 Bh6 16. O-O-O g4 17. Nh4 Rhf8 18.
Nf5 Bxf5 19. Bxf5+ e6 20. Bg6 e5 21. dxe5 Nxe5 22. Bf5+ Kb8 23. b3 Bxd2+ 24. Rxd2 Qxd2+ 25. Qxd2 Rxd2 26. Kxd2 Rxf5 27. Re1 c6 28. Re2 Kc7 29. Ke3 Rf7 30. Ke4 Ng6 31. Kd3 Nf4+ 32. Ke3 Nxe2 33.
Kxe2 a5 34. a4 b5 35. axb5 cxb5 36. c4 b4 37. Kd3 Kd6 38. h3 gxh3 39. gxh3 Rf3+ 40.
Ke4 Rxh3 41. Kf5 Rxb3 42. Kg5 Kc5 43. Kxh5 a4 44. Kg5 a3 45. Kf5 a2 46. Ke5 a1=Q+ 47. Ke6 Qe1+ 48. Kd7 Rd3+ 49. Kc7 Qe7+ 50. Kb8 Rd8# 0-1

[Event "*** Titled Tuesday Blitz"]
[Site "Chess.com"]
[Date "2020.04.14"]
[Round "3"]
[White "amiralfio"]
[Black "2165149677570"]
[Result "0-1"]
[WhiteElo "2544"]
[BlackElo "2316"]
[TimeControl "180+1"]
[EndTime "10:27:50 PDT"]
[Termination "2165149677570 won on time"]

1. d4 Nf6 2. Bf4 b6 3. f3 d5 4. g4 e6 5. h4 Bd6 6. Qd2 c5 7. Nh3 Nc6 8. dxc5 Bxc5 9. Bg2 e5 10. Bg5 h6 11. Be3 Bxe3 12. Qxe3 d4 13. Qd2 Nd5 14.
f4 Qxh4+ 15. Nf2 Qd8 16. fxe5 Bb7 17. Ne4 O-O 18. Nd6 Ne3 19. Bf3 Nxe5 20. Nxb7 Nxf3+ 21. exf3 Qc7 22. Kf2 Qxb7 23. c3 Rad8 24. cxd4 Nxg4+ 25. Kg3 Ne5 26. Qf4 Ng6 27. Qg4 Qc7+ 28. Kg2 Nf4+ 29.
Kg3 Nd5+ 0-1

[Event "*** Titled Tuesday Blitz"]
[Site "Chess.com"]
[Date "2020.04.14"]
[Round "3"]
[White "GeorgMeier"]
[Black "HarutyunianTigranK"]
[Result "0-1"]
[WhiteElo "3043"]
[BlackElo "2715"]
[TimeControl "180+1"]
[EndTime "10:27:51 PDT"]
[Termination "HarutyunianTigranK won on time"]

1. Nf3 d5 2. g3 Nc6 3. d4 Bf5 4. Bg2 Qd7 5. c4 e6 6. Nc3 O-O-O 7. O-O Nf6 8. c5 Ne4 9. Bf4 f6 10. Rc1 g5 11. Be3 h5 12. h4 Be7 13. b4 Nxb4 14. hxg5 fxg5 15. Ne5 Qe8 16. c6 Nxc6 17. Nxc6 bxc6 18.
Nxe4 Bxe4 19. Qa4 Rd6 20. Bxe4 dxe4 21. Rc4 h4 22. g4 h3 23. Rfc1 Rh4 24. Qa6+ Kd8 25.
Rxc6 Rxg4+ 26. Kh1 Rxc6 27. Rxc6 Qh5 0-1

[Event "*** Titled Tuesday Blitz"]
[Site "Chess.com"]
[Date "2020.04.14"]
[Round "3"]
[White "AsaHoffmann"]
[Black "Astaneh"]
[Result "1-0"]
[WhiteElo "2316"]
[BlackElo "2503"]
[TimeControl "180+1"]
[EndTime "10:27:51 PDT"]
[Termination "AsaHoffmann won by resignation"]

1. d4 Nf6 2. Bg5 e6 3. Nd2 h6 4. Bh4 d5 5. e3 Be7 6. Bd3 c5 7. c3 Nc6 8. f4 Nd7 9. Bxe7 Qxe7 10. Ngf3 b6 11. O-O Bb7 12. Ne5 O-O-O 13. a3 Nf8 14. b4 c4 15. Bc2 f6 16. Nef3 Nd7 17. e4 g5 18. exd5 exd5 19. Qe1 Qd6 20. fxg5 hxg5 21. Qg3 Kc7 22. Rae1 Qxg3 23. hxg3 Rde8 24. Bf5 a5 25. g4 Na7 26. a4 axb4 27. cxb4 Nc6 28. Rb1 Nf8 29. Kf2 Ne6 30. Bxe6 Rxe6 31. b5 Ne7 32.
Rh1 Rxh1 33. Rxh1 Bc8 34. Rh6 Bd7 35. Nb1 Kd6 36. Nc3 Be8 37. Rh8 Ng6 38. Rh7 Re7 39.
Rh6 Rg7 40. g3 Bd7 41. Nh2 Be6 42. Kf3 Ke7 43. Nf1 Kd6 44. Ne3 Rg8 45. Nf5+ Kc7 46. Rh7+ Kb8 47. Ne7 Nf8 48. Nc6+ Kc8 49. Ra7 Nd7 50.
Ne7+ Kb8 51. Rxd7 1-0

[Event "*** Titled Tuesday Blitz"]
[Site "Chess.com"]
[Date "2020.04.14"]
[Round "3"]
[White "Phriex"]
[Black "Blitzstream"]
[Result "0-1"]
[WhiteElo "2439"]
[BlackElo "2706"]
[TimeControl "180+1"]
[EndTime "10:27:52 PDT"]
[Termination "Blitzstream won by resignation"]

1. d4 g6 2. Nf3 Bg7 3. c4 b6 4. g3 Bb7 5. Bg2 e6 6. O-O Ne7 7. Nc3 a6 8. e4 d6 9. Re1 Nd7 10.
Be3 h6 11. h4 e5 12. d5 f5 13. h5 f4 14. gxf4 exf4 15. Bxf4 g5 16. Bxg5 hxg5 17. Nxg5 Bxc3 18. Ne6 Qb8 19. bxc3 Ne5 20. f4 Nf7 21. Qg4 Rg8 22. Qh4 Kd7 23. Kh2 Rxg2+ 24. Kxg2 Qh8 25.
Re3 Rg8+ 26. Rg3 Rxg3+ 27. Qxg3 Qxh5 28. Rh1 Qe2+ 29. Qf2 Qxe4+ 30. Qf3 Qxc4 31. Rh5 Bxd5 0-1

[Event "*** Titled Tuesday Blitz"]
[Site "Chess.com"]
[Date "2020.04.14"]
[Round "3"]
[White "Barbus89"]
[Black "ecwinslow"]
[Result "1-0"]
[WhiteElo "2325"]
[BlackElo "2106"]
[TimeControl "180+1"]
[EndTime "10:27:52 PDT"]
[Termination "Barbus89 won by resignation"]

1. d4 Nf6 2. Nf3 g6 3. g3 Bg7 4.
Bg2 O-O 5. O-O d6 6. c4 Nbd7 7. Nc3 e5 8. b4 a5 9. b5 exd4 10. Nxd4 Nc5 11. h3 Re8 12. Be3 a4 13. Rc1 Nfd7 14.
Nd5 Ne5 15. Nf3 Nxf3+ 16. exf3 Rb8 17. f4 Bd7 18. Bxc5 dxc5 19. Qxa4 Re2 20. Rfe1 Qe8 21. Qd1 Rxe1+ 22. Qxe1 Qxe1+ 23. Rxe1 Ra8 24. Re2 Ra4 25. Nxc7 Rxc4 26. Bxb7 Bxh3 27. Re8+ Bf8 28. Bc6 Rb4 29.
Nd5 Rb2 30. b6 Be6 31. b7 Kg7 32. b8=Q 1-0

[Event "*** Titled Tuesday Blitz"]
[Site "Chess.com"]
[Date "2020.04.14"]
[Round "3"]
[White "Szczor"]
[Black "kuli4ik"]
[Result "0-1"]
[WhiteElo "2577"]
[BlackElo "2786"]
[TimeControl "180+1"]
[EndTime "10:27:53 PDT"]
[Termination "kuli4ik won by resignation"]

1. e4 Nf6 2. e5 Nd5 3. d4 d6 4. c4 Nb6 5. exd6 exd6 6. Nc3 Be7 7. h3 O-O 8. Nf3 Nc6 9. Be2 Bf6 10. O-O Re8 11. Be3 Bf5 12. b3 a5 13. a4 Nb4 14.
Rc1 h6 15. Qd2 d5 16. Rfe1 c6 17. Bf1 Qd7 18. c5 Nc8 19. Bf4 Ne7 20. Be5 Bxe5 21. Nxe5 Qc7 22. Qf4 f6 23. Ng6 Qxf4 24. Nxf4 g5 25.
Nh5 Kf7 26. g4 Bg6 27. Ng3 f5 28. gxf5 Nxf5 29. Nxf5 Bxf5 30. Be2 Bg6 31. Kg2 Re7 32. Bg4 Rae8 33. Rxe7+ Rxe7 34. Nd1 h5 35. Bf3 Nd3 36. Rc3 Re1 37. Ne3 Nf4+ 38. Kh2 Rb1 39. Ng2 Ne6 40. Be2 Nxd4 41. Bd3 Rxb3 42. Bxg6+ Kxg6 43. Rc1 Rb2 44. Kg3 Ne2+ 0-1

[Event "*** Titled Tuesday Blitz"]
[Site "Chess.com"]
[Date "2020.04.14"]
[Round "3"]
[White "Sanyura"]
[Black "AliKa2810"]
[Result "0-1"]
[WhiteElo "2395"]
[BlackElo "2622"]
[TimeControl "180+1"]
[EndTime "10:27:53 PDT"]
[Termination "AliKa2810 won by resignation"]

1. e4 e6 2. d4 d5 3. Nc3 Nf6 4. Bg5 dxe4 5. Nxe4 Be7 6. Bxf6 gxf6 7. Nf3 f5 8. Nc3 a6 9. g3 b5 10. Bg2 Bb7 11.
a4 b4 12. Nb1 c5 13. O-O Nd7 14.
Nbd2 O-O 15. c3 bxc3 16. bxc3 cxd4 17. cxd4 Nf6 18. Nc4 Ne4 19. Nfe5 Bf6 20. Qd3 Qe7 21. Rab1 Rfd8 22. Qe3 Bg5 23. Qb3 Bd5 24. Qd3 Rab8 25.
Rxb8 Rxb8 26. h4 Bf6 27. h5 h6 28. Qe3 Kg7 29. Rc1 Bg5 30. Qe2 Bxc1 31. f4 Nxg3 32. Qf2 Ne4 33. Qe1 Bxf4 0-1

[Event "*** Titled Tuesday Blitz"]
[Site "Chess.com"]
[Date "2020.04.14"]
[Round "3"]
[White "RestartingChess"]
[Black "Vuk2000"]
[Result "0-1"]
[WhiteElo "2392"]
[BlackElo "2621"]
[TimeControl "180+1"]
[EndTime "10:27:53 PDT"]
[Termination "Vuk2000 won by resignation"]

1. e4 e6 2. d4 d5 3. exd5 exd5 4. c4 Nf6 5. Nc3 Bd6 6. Bd3 O-O 7. Nge2 dxc4 8. Bxc4 Bf5 9. O-O Nbd7 10. h3 Nb6 11. Bb3 h6 12. Bf4 c6 13. d5 Bxf4 14. Nxf4 Qd6 15. Qf3 c5 16. Na4 Be4 17. Qe3 Rfe8 18.
Nxb6 axb6 19. Qd2 b5 20. a3 c4 21. Ba2 Rad8 22. Rad1 g5 23. Ne2 Bd3 24. Rfe1 Nxd5 25. Ng3 Nf4 26. Bb1 Qc6 27. f3 Bxb1 28. Qxd8 Rxd8 29.
Rxd8+ Kg7 30. Rxb1 Qb6+ 31. Kh2 Qxd8 32. Re1 Qc7 33.
Re7 Qxe7 34. Nf5+ Kf6 35. Nxe7 Kxe7 36. Kg3 Nd3 37. h4 Nxb2 38. Kg4 c3 39. Kh5 c2 40.
Kxh6 0-1

[Event "*** Titled Tuesday Blitz"]
[Site "Chess.com"]
[Date "2020.04.14"]
[Round "3"]
[White "vovkcoach"]
[Black "PchelkinVK"]
[Result "1-0"]
[WhiteElo "2759"]
[BlackElo "2455"]
[TimeControl "180+1"]
[EndTime "10:27:54 PDT"]
[Termination "vovkcoach won on time"]

1. e4 e6 2. d4 d5 3. Nc3 Nf6 4. e5 Nfd7 5. f4 c5 6. Nce2 Nc6 7. c3 cxd4 8. cxd4 Bb4+ 9. Bd2 Qb6 10.
Nf3 f6 11. a3 Bxd2+ 12. Qxd2 O-O 13. b4 a5 14. b5 Qxb5 15. Nc3 Qb6 16. Rb1 Qd8 17.
Bd3 Qe7 18. O-O Qxa3 19. f5 Ndb8 20. fxe6 Bxe6 21. exf6 Rxf6 22. Ng5 Qd6 23. Bxh7+ Kh8 24. Qc2 Nd7 25. Rbe1 Nxd4 26. Qd1 Rh6 27. g3 Qc5 28. Re3 1-0

[Event "*** Titled Tuesday Blitz"]
[Site "Chess.com"]
[Date "2020.04.14"]
[Round "3"]
[White "LizaSolovyova"]
[Black "Onwgs"]
[Result "1-0"]
[WhiteElo "2618"]
[BlackElo "2379"]
[TimeControl "180+1"]
[EndTime "10:27:54 PDT"]
[Termination "LizaSolovyova won by resignation"]

1. d4 Nf6 2. Nc3 d5 3. e4 Nxe4 4. Nxe4 dxe4 5. Ne2 g6 6. Nc3 Bg7 7. Be3 f5 8. f3 exf3 9. Qxf3 O-O 10. O-O-O e6 11.
Bc4 Nc6 12. h4 h5 13. Qg3 Kh7 14. d5 exd5 15. Nxd5 Qd6 16. Bf4 Be5 17. Rhe1 Bxf4+ 18. Nxf4 Qf6 19. Be6 Re8 20. Bb3 Rxe1 21. Rxe1 Bd7 22. a3 Re8 23. Rd1 Bc8 24. Nd5 Qe5 25. Qg5 Rf8 26. Kb1 Nd4 27. Nf4 Rf6 28. Bf7 Rxf7 29.
Qxg6+ Kh8 30. Qxf7 Qxf4 31. Qf6+ Kh7 32. Rxd4 Qe3 33.
Rd8 Qe1+ 34. Ka2 Be6+ 35. b3 1-0

[Event "*** Titled Tuesday Blitz"]
[Site "Chess.com"]
[Date "2020.04.14"]
[Round "3"]
[White "Nitzan_Steinberg"]
[Black "econpower"]
[Result "1-0"]
[WhiteElo "2898"]
[BlackElo "2658"]
[TimeControl "180+1"]
[EndTime "10:27:55 PDT"]
[Termination "Nitzan_Steinberg won by resignation"]

1. e4 d6 2. d4 Nf6 3. Nc3 e5 4. Nf3 Nbd7 5. Bc4 Be7 6. O-O O-O 7. a4 c6 8. h3 exd4 9. Nxd4 Re8 10. Re1 Ne5 11.
Ba2 Ng6 12. Qf3 Qc7 13. a5 Rb8 14. Bb3 b5 15. axb6 axb6 16. Bg5 b5 17. Nf5 Bxf5 18.
exf5 Ne5 19. Qe3 Qc8 20. Bxf6 Bxf6 21. Ne4 Qd8 22. Nxf6+ gxf6 23. Qh6 d5 24. Re3 Kh8 25. Rg3 Rg8 26. Rxg8+ Kxg8 27. Re1 Qe7 28. Re3 Kh8 29. f4 d4 30. Re4 d3 31. fxe5 Qc5+ 32. Kh2 1-0

[Event "*** Titled Tuesday Blitz"]
[Site "Chess.com"]
[Date "2020.04.14"]
[Round "3"]
[White "hedgehog280"]
[Black "Jospem"]
[Result "0-1"]
[WhiteElo "2655"]
[BlackElo "2894"]
[TimeControl "180+1"]
[EndTime "10:27:55 PDT"]
[Termination "Jospem won by resignation"]

1. c4 c5 2. Nf3 Nc6 3. d4 cxd4 4.
Nxd4 Nf6 5. Nc3 e6 6. e4 Bb4 7.
Nxc6 bxc6 8. Bd3 e5 9. O-O O-O 10. Bd2 h6 11. a3 Bc5 12. Rc1 Bd4 13. b4 d6 14. Ne2 Bb6 15. h3 Be6 16. Ng3 d5 17. exd5 cxd5 18. c5 Bc7 19. Bf5 e4 20.
Bxe6 fxe6 21. Nh5 Nxh5 22. Qxh5 Rf5 23. Qg6 Qd7 24. c6 Qd6 25. g3 Rf6 26. Qg4 Raf8 27. b5 Qxa3 28. Ra1 Qc5 29. Qe2 Bb6 30. Bf4 e5 31.
Rac1 Qd6 32. Bd2 Rxf2 33. Rxf2 Rxf2 34. Qxf2 Bxf2+ 35. Kxf2 Qc7 36. Ke2 Kh7 37. Rc5 d4 38. Bb4 e3 39. Rd5 Qf7 40. Rd7 Qc4+ 41. Kf3 0-1

[Event "*** Titled Tuesday Blitz"]
[Site "Chess.com"]
[Date "2020.04.14"]
[Round "3"]
[White "AustrianFalcon"]
[Black "Spring199"]
[Result "1-0"]
[WhiteElo "2552"]
[BlackElo "2314"]
[TimeControl "180+1"]
[EndTime "10:27:56 PDT"]
[Termination "AustrianFalcon won by resignation"]

1. e4 e5 2. Nf3 Nc6 3. Bb5 a6 4. Ba4 Nf6 5. O-O Be7 6. Re1 b5 7. Bb3 O-O 8. c3 d5 9. exd5 Nxd5 10. Nxe5 Nxe5 11. Rxe5 c6 12. d3 Bd6 13. Re1 Qh4 14. g3 Qh3 15. Re4 Nf6 16. Rh4 Qf5 17. Nd2 c5 18. Ne4 Be7 19. Nxf6+ Bxf6 20. Rh5 Qg6 21. Rxc5 Bg4 22. f3 Bf5 23. Bd5 Rad8 24. d4 Rfe8 25. Bf4 h5 26. Bb3 Be7 27. Re5 h4 28. Qe2 hxg3 29.
hxg3 Qf6 30. Re1 Be6 31. Bxe6 fxe6 32. Rxe6 Qf7 33. Rxe7 1-0